cohdb
Replays
Latest Replays
All Replays
Popular Replays
Top Player Replays
Match Explorer
How It Works
Community
CoH3 Stats
Reddit
Sign in to upload your games and track your stats! →
Sign in with Steam
Match 41720469
Unlisted
Match 41720469
Overview
Messages
Build Orders
End
Kettenkrad Recon Vehicle
Construct Infanterie Kompanie
MG 42 Machine Gun Team
MG 42 Machine Gun Team
Grenadier Squad
Construct Panzergrenadier Kompanie
Panzergrenadier Squad
Pak 40 Anti-tank Gun Team
Selects Breakthrough Battlegroup
Selects Assault Grenadiers
Selects Rapid Production
251 Medium Carrier
Panzergrenadier Squad
Pioneer Squad
Panzergrenadier Officer Quarters
Selects Blitzkrieg
Construct Panzer Kompanie
Panzer IV Medium Tank
Panzer Officer Quarters
Side Skirts
Repair Bunker
Blitzkrieg
Selects Tiger Heavy Tank
Tiger Heavy Tank
Selects Smoke Bombing Run
Panzer IV Medium Tank
Blitzkrieg
Selects Incendiary Bombing Run
Panzer IV Medium Tank
newbiechobo
ColdDown
Dave
ttheadventure
Weaslehorse
Ralf
0
0
Comments
sign in to comment!
No comments posted yet!